[Event "German Bundesliga 2024-25"]
[Site "Germany"]
[Date "2024.09.29"]
[Round "2.3"]
[White "Hausrath, Daniel"]
[Black "L'Ami, Erwin"]
[Result "0-1"]
[Annotator "TA"]
[ECO "A46"]
[WhiteElo "2470"]
[BlackElo "2628"]
[PlyCount "74"]
[EventDate "2024.09.27"]
[EventType "team-tourn"]
[EventCountry "GER"]
[SourceTitle "playchess.com"]
[Source "ChessBase"]
[SourceQuality "1"]
[WhiteTeam "SV Muelheim Nord"]
[BlackTeam "SG Solingen"]
[TimeControl "40/5400+30:1800+30"]

1. Nf3 Nf6 2. g3 e6 3. Bg2 d5 4. d4 b5 5. O-O Be7 {Wit zou kunnen overwegen.} 6. Bg5 {[%emt 0:07:26] A46: 1 d4 Pf6 2 Pf3 e6: Torre, London en Colle Systemen.} (6. Ne5 $14) 6... Nbd7 $11 {[%emt 0:04:14] OK} 7. Ne5 Bb7 {[%emt 0:15:02] Stopt Nc6} 8. Qd3 {[%emt 0:02:56] De stelling is in evenwicht.} (8. Nxd7 $5 {vereenvoudigt} Nxd7 9. Bxe7 Qxe7 10. Nd2) 8... a6 {[%emt 0:04:55] OK} 9. Nd2 {[%emt 0:13:49] Onnauwkeurig} (9. Nxd7 $5 {vereenvoudigt} Nxd7 10. Bxe7 Qxe7 11. Nd2) 9... Nxe5 10. dxe5 Nd7 {[%emt 0:00:16][%csl LRe5,LRg5] OK} 11. Bxe7 {[%emt 0:00:12] OK} Qxe7 12. f4 {[%emt 0:00:20] OK} O-O $146 {[%emt 0:01:29] Onnauwkeurig} ({Predecessor:} 12... c5 13. e4 d4 14. a4 c4 15. Qxd4 Qc5 16. c3 O-O 17. b4 cxb3 18. Nxb3 Qb6 19. axb5 axb5 20. Rxa8 Rxa8 {1-0 Padmini,R (2345)-Nikolova,A (2226) Motiva Online Blitz (Women) 2021 (7)}) {Wit kan het beste proberen.} 13. c3 {[%emt 0:05:45] Fout (0.6)} (13. a4 $1) 13... Nc5 {[%emt 0:06:13] Onnauwkeurig} 14. Qc2 Rad8 15. Rad1 Rd7 {[%emt 0:06:59] OK} 16. e3 Rfd8 17. b4 Na4 {[%emt 0:02:50] OK} 18. Nf3 {[%emt 0:00:56] Handhaaft evenwicht. Fout (0.9)} (18. Nb3 $11) 18... c5 $17 {[%emt 0:01:57][%cal Rc5b4] Zwart speel geconcentreerd verder. Beste} {Wit kan overwegen} 19. g4 {[%emt 0:04:11] Fout (0.5)} (19. a3 $15) 19... d4 ({Weersta} 19... cxb4 20. cxb4 Rc7 (20... Qxb4 21. Nd4 $17) 21. Qd2) 20. exd4 {[%emt 0:01:10] OK} Bxf3 {[%emt 0:03:19] OK} ({Natuurlijk niet} 20... cxb4 21. Ng5 g6 22. Bxb7 Nxc3 23. Bf3 $11) 21. Bxf3 {[%emt 0:02:31] Onnauwkeurig} cxd4 22. Rxd4 Rxd4 23. cxd4 Qxb4 {[%emt 0:05:52] OK} 24. Rd1 Nb2 (24... Rxd4 $2 {vergaat.} 25. Qc8+ Qf8 26. Qxf8+ (26. Qxa6 Rxd1+ 27. Bxd1 Qc5+ 28. Kg2 Qd5+ 29. Bf3 Qd2+ 30. Kg3 g5 $15) 26... Kxf8 27. Rxd4 $18) 25. Rb1 {[%emt 0:02:39] Blijkt voordeliger. Fout (0.7)} (25. Qc7 Rf8 (25... Rxd4 $2 {te hebberig.} 26. Qc8+ Qf8 27. Qxf8+ Kxf8 28. Rxd4 $18) 26. Rf1 Qxd4+ 27. Kh1 Qxf4) (25. Rd2 $17 Nc4 (25... Rxd4 $2 {verliest.} 26. Qc8+ Qf8 27. Qxf8+ Kxf8 28. Rxd4 $18) 26. Rd1) 25... Qxd4+ $19 {[%emt 0:01:07] Beste (Gemakkelijk)} 26. Qf2 {[%emt 0:00:03] Beste} Nc4 {[%emt 0:02:56] OK} (26... Qxf4 27. Rxb2 Qxe5 28. Re2 $11) 27. Qxd4 {[%emt 0:01:37] OK} Rxd4 28. Rd1 {[%emt 0:00:50] Onnauwkeurig} Rxd1+ {[%emt 0:04:57] OK} (28... Rxf4 29. Rd8#) 29. Bxd1 {[%emt 0:00:02][%mdl 4096] Eindspel. KB-KN} Ne3 {[%emt 0:01:58] OK} 30. Bf3 Nd5 {[%emt 0:00:49] OK} 31. f5 Nb4 32. Bb7 {[%emt 0:00:31] Blijkt effectiever. Fout (1.3)} (32. a3 Nd3 33. Bb7) 32... a5 {[%emt 0:01:13] OK} ({Niet} 32... Nxa2 33. Bxa6 exf5 34. Bxb5 $17) 33. fxe6 fxe6 {[%emt 0:00:41] Zwart is duidelijk aan het winnen.} 34. Bc8 {[%emt 0:00:41] Fout (2.0)} (34. Kf2 $142) 34... Kf7 {[%emt 0:00:10] Beste} (34... Nxa2 $2 {slaat de verkeerde figuur.} 35. Bxe6+ Kf8 36. Bxa2 $18) 35. Bd7 Nxa2 {[%emt 0:00:13] [#] Hoopt vervolgens op ...Nc3.} 36. Bxb5 Nc3 37. Bc4 a4 {[%emt 0:00:09] Blunder waarde: Wit=0.40/Zwart=0.07 (foutloos) .  Fout:        	Wit=6      	---        Onnauwkeurig:    	Wit=3      	Zwart=2      OK:         	Wit=4      	Zwart=12     Beste:        	Wit=1      	Zwart=3} 0-1

[Event "German Bundesliga 2024-25"]
[Site "Germany"]
[Date "2024.10.06"]
[Round "2.4"]
[White "Wagner, Dennis"]
[Black "Kempinski, Robert"]
[Result "1/2-1/2"]
[Annotator "TA"]
[ECO "E12"]
[WhiteElo "2617"]
[BlackElo "2566"]
[PlyCount "66"]
[EventDate "2024.09.27"]
[EventType "team-tourn"]
[EventCountry "GER"]
[SourceTitle "playchess.com"]
[Source "ChessBase"]
[SourceQuality "1"]
[WhiteTeam "Viernheim"]
[BlackTeam "Hamburg"]
[TimeControl "40/5400+30:1800+30"]

1. d4 Nf6 2. c4 e6 3. Nf3 b6 4. a3 Bb7 5. Nc3 d5 6. Qc2 a6 7. cxd5 exd5 8. g3 Bd6 9. Bg2 {[%emt 0:02:09] Weiß hat minimalen Vorteil.} O-O 10. Nh4 c5 11. dxc5 bxc5 12. Bg5 {[%emt 0:21:16][%cal Oc3d5] Und jetzt Nxd5! wäre schön.} Be5 13. Rd1 {[%emt 0:05:04][%cal Oc3d5,Ba1d1,Bd1d5,Bd5d6][%mdl 32] Droht stark Nxd5!} Bxc3+ ({Besser ist} 13... Nc6) 14. bxc3 $16 (14. Qxc3 $6 Nbd7 $14) 14... Nbd7 {[%emt 0:09:48] [#]} 15. Bxd5 Bxd5 16. Rxd5 Qa5 {[%emt 0:02:45] [#]} 17. Rd6 {[%emt 0:00:47] Weiß steht aktiver.} c4 18. Nf5 Rfe8 19. O-O Ne4 20. Ne7+ (20. Rxd7 $6 Qxf5 21. Rd4 Re5 $11) 20... Rxe7 21. Bxe7 Nxd6 22. Bxd6 Re8 {[%emt 0:00:12] Wehrt Qe4 ab} 23. Rd1 Qh5 24. f3 Qb5 25. Kf1 Nb6 26. Rd4 h6 27. Bf4 Na4 28. Bd2 a5 29. g4 (29. Be1 $16) 29... Qb3 $1 $11 {[%emt 0:01:28] Die Stellung ist ausgeglichen.} 30. Qc1 ({Vergiftet wäre} 30. Qxb3 $2 cxb3 31. Bc1 (31. Rxa4 $2 {verliert.} b2 $19) 31... b2 (31... Nxc3 32. e4 $15) 32. Bxb2 Nxb2 $19) 30... Qb8 $1 31. Bf4 Qb3 32. Bd2 Qb8 $1 33. Bf4 Qb3 {[%emt 0:00:07] Gewichteter Fehlerwert: Weiß=0.13 (sehr präzise) /Schwarz=0.10 (sehr präzise) .  Fehler:       	Weiß=2     	Schwarz=1     Ungenau:       	Weiß=1     	Schwarz=3     OK:         	Weiß=12    	Schwarz=9     Bester:       	Weiß=1     	Schwarz=3     Stark:        	---       	Schwarz=3} 1/2-1/2

[Event "German Bundesliga 2024-25"]
[Site "Germany"]
[Date "2024.09.29"]
[Round "2.4"]
[White "Ragger, Markus"]
[Black "Dinstuhl, Volkmar"]
[Result "1-0"]
[Annotator "TA"]
[ECO "C88"]
[WhiteElo "2601"]
[BlackElo "2384"]
[PlyCount "87"]
[EventDate "2024.09.27"]
[EventType "team-tourn"]
[EventCountry "GER"]
[SourceTitle "playchess.com"]
[Source "ChessBase"]
[SourceQuality "1"]
[WhiteTeam "SG Solingen"]
[BlackTeam "SV Muelheim Nord"]
[TimeControl "40/5400+30:1800+30"]

1. e4 e5 2. Nf3 Nc6 3. Bb5 a6 4. Ba4 Nf6 5. O-O Be7 6. Re1 b5 7. Bb3 d6 8. a4 Rb8 9. axb5 axb5 10. c3 O-O 11. h3 Bb7 12. d3 Re8 13. Nbd2 (13. Nh4 {seems wilder.} Bc8 14. Nd2 Nxe4 15. Nxe4 Bxh4 16. Qh5) 13... Bf8 {[%emt 0:01:13] White has an edge.} 14. Nf1 h6 15. Nh4 d5 (15... Bc8 $11) 16. Qf3 (16. exd5 {is more complex.} Nxd5 17. Qf3 Qxh4 18. Bxd5 Nd8 19. d4) 16... Ra8 17. Rxa8 Bxa8 18. Nf5 (18. Bxd5 Nxd5 19. exd5 Qxh4 $11) 18... Na5 19. Ba2 c5 20. exd5 Kh8 ({Black should try} 20... Bxd5 $14 21. Bxd5 Nxd5) 21. c4 $18 e4 22. dxe4 Nxc4 23. Bxc4 bxc4 24. N1g3 {[%emt 0:00:27] Black must now prevent Bd2.} Bxd5 25. Rd1 {[%emt 0:14:00] White is more active.} (25. Bxh6 $142 $1 Bb7 (25... gxh6 $2 26. Rd1 $18) 26. Bg5) 25... Nxe4 $16 26. Nxe4 (26. Ne3 $5 Nc3 (26... Nxg3 $2 27. Rxd5 Qa5 28. fxg3 $18) 27. bxc3 (27. Nxd5 $2 Nxd1 28. Qxf7 c3 $19) 27... Bxf3 28. Rxd8 Rxd8 29. gxf3 $16) 26... Qa8 $1 {[%emt 0:00:10] [#]} (26... Rxe4 $2 {perishes.} 27. Qxe4 Bxe4 28. Rxd8 $18) 27. Ne3 $1 Bxe4 {[%emt 0:02:48] This pair of bishops is nice.} 28. Qxf7 Bd3 29. Bd2 Re7 30. Qf4 Re4 31. Qc7 Qa4 {[%emt 0:01:21][%cal Oe4e3] Hoping for ...Rxe3!} 32. Re1 Qe8 33. Bc3 Kg8 34. Ra1 Qf7 {[%emt 0:00:29] Prevents Nf5.} 35. Qg3 Re8 36. Ra6 {[%emt 0:01:10][%cal Oe3g4] And now Ng4! would win.} Kh7 (36... Re6 $1 $14 37. Ra8 Kh7) 37. Rc6 Re6 38. Rc7 Re7 39. Rxc5 Ra7 {[%emt 0:00:30] [#]} 40. Rc6 (40. Rc8 $1 $16) 40... Ra1+ $2 (40... Qd7 $1 $11 41. Qf3 Ra1+ 42. Kh2 Bd6+ 43. g3 Qe7 44. Rxc4 (44. Nxc4 $2 {too greedy.} Be4 $19) 44... Bxc4 45. Nxc4 Bb4) 41. Kh2 $18 Ra7 {[%emt 0:30:17] [#]} 42. Ng4 $1 Be4 43. Rb6 Be7 $2 (43... Bb1 44. Qe3 Ra8) 44. Qe3 {[%emt 0:00:00] Weighted Error Value: White=0.12 (very precise) /Black=0.22 (precise) .  Loses game:     	---       	Black=1      Mistake:       	White=2     	Black=4      Inaccurate:     	White=3     	---        OK:         	White=17    	Black=7      Best:        	White=1     	Black=3      Strong:       	White=1     	Black=1} 1-0

[Event "German Bundesliga 2024-25"]
[Site "Germany"]
[Date "2024.10.06"]
[Round "2.4"]
[White "Gupta, Abhijeet"]
[Black "Dragnev, Valentin"]
[Result "1/2-1/2"]
[Annotator "TA"]
[ECO "E08"]
[WhiteElo "2573"]
[BlackElo "2562"]
[PlyCount "116"]
[EventDate "2024.09.27"]
[EventType "team-tourn"]
[EventCountry "GER"]
[SourceTitle "playchess.com"]
[Source "ChessBase"]
[SourceQuality "1"]
[WhiteTeam "Deizisau"]
[BlackTeam "Bayern Muenchen"]
[TimeControl "40/5400+30:1800+30"]

1. d4 Nf6 2. c4 e6 3. Nf3 d5 4. g3 Bb4+ 5. Bd2 Be7 6. Bg2 O-O 7. O-O c6 8. Qc2 Nbd7 9. Bf4 a5 10. Rd1 a4 11. a3 Ne4 12. Nc3 Nxc3 13. bxc3 b5 14. c5 g5 15. Bd2 f5 16. Qc1 g4 17. Ne1 e5 18. Nd3 e4 19. Nb4 Rf6 20. Bg5 Rg6 21. Bxe7 Qxe7 22. f3 Nf8 23. fxe4 fxe4 24. Rf1 Bd7 25. Qe3 Ne6 26. Rf2 Rf8 27. Raf1 Rgf6 (27... Rxf2 {vereinfacht} 28. Rxf2 Kg7 29. Na6 Rf6) 28. h4 Kg7 29. Nc2 Rxf2 30. Rxf2 Rxf2 31. Qxf2 Qf6 32. e3 Kf7 33. Qe1 Ke7 {[%emt 0:03:14] Weiss ist schwach auf den weissen Feldern} 34. Bf1 Nd8 35. Be2 Nb7 (35... h5 {hält die Spannung aufrecht.} 36. Nb4 Qf5 37. Qf2 Ke6) 36. Qd1 {[%emt 0:00:29] Die Stellung ist ausgeglichen.} Na5 37. Ne1 h5 38. Ng2 Be8 39. Nf4 {[%emt 0:00:00][%cal Oe2b5] [#] Bxb5! wäre nun fies.} Bf7 40. Qb1 Kf8 41. Kf2 Nb3 42. Bd1 Na5 43. Qb4 Qd8 ({Aber nicht} 43... Nc4 $2 44. Be2 $18) 44. Be2 Qc7 45. Ke1 (45. Bxb5 $2 cxb5 46. Qxb5 Nc4 $17) 45... Ke7 46. Kd2 Kd8 47. Kc2 Kc8 48. Qb1 Be8 49. Kd1 Nb3 50. Ke1 Qa5 51. Qb2 Qc7 52. Kf2 Bf7 53. Kg2 Qd8 54. Qb1 Qf6 55. Qd1 Qf5 56. Qe1 Qd7 57. Qf1 Nd2 58. Qf2 {[%emt 0:02:50][%cal Oe2b5] Droht Bxb5! und aus.} Nb3 {[%emt 0:00:05] Gewichteter Fehlerwert: Weiß=0.03 (makellos) /Schwarz=0.03 (makellos) .  Ungenau:       	Weiß=2     	Schwarz=3     OK:         	Weiß=19    	Schwarz=17    Bester:       	---       	Schwarz=1} (58... Nb1 59. Bxb5 cxb5 60. Qb2 $14) 1/2-1/2

[Event "German Bundesliga 2024-25"]
[Site "Germany"]
[Date "2024.10.06"]
[Round "2.4"]
[White "Krause, Benedict"]
[Black "Vogel, Roven"]
[Result "0-1"]
[Annotator "TA"]
[ECO "B90"]
[WhiteElo "2404"]
[BlackElo "2559"]
[PlyCount "80"]
[EventDate "2024.09.27"]
[EventType "team-tourn"]
[EventCountry "GER"]
[SourceTitle "playchess.com"]
[Source "ChessBase"]
[SourceQuality "1"]
[WhiteTeam "St. Pauli"]
[BlackTeam "TU Dresden"]
[TimeControl "40/5400+30:1800+30"]

1. e4 c5 2. Nf3 d6 3. d4 cxd4 4. Nxd4 Nf6 5. Nc3 a6 6. a3 Nc6 7. f4 Bg4 8. Nf3 e6 {[%emt 0:04:06] The position is equal.} 9. h3 Bxf3 10. Qxf3 d5 11. e5 (11. exd5 $142 exd5 12. Bd2) 11... Nd7 $11 12. Bd3 Qb6 13. b4 Qd4 14. Bd2 {[%emt 0:00:53] [#]} g5 $1 {[%emt 0:16:33] ...gxf4 would now be deadly.} 15. g3 gxf4 16. gxf4 Rc8 {[%emt 0:10:12] White must now prevent ...Bh6.} 17. Qf2 (17. O-O-O Nxb4 18. axb4 Rxc3 19. Bxc3 Qxc3 $17) (17. Rf1 $11) 17... Bh6 (17... Qxf2+ $17 18. Kxf2 Bh6) 18. Rf1 $1 Rg8 $36 {[%emt 0:04:17][%mdl 2048] Black has the initiative.} 19. O-O-O $1 Qxf2 20. Rxf2 Rg3 21. Kb2 Nd4 22. Ne2 Nxe2 (22... Rxh3 $2 23. Nxd4 Rh4 24. Rg1 $18 (24. Bxh7 Bxf4 25. Bxf4 Rxh7 $18)) 23. Rxe2 {[%emt 0:00:04] [#]} ({White should try} 23. Bxe2 $15 Nb6 (23... Rxh3 24. Bf1 $15) 24. Rdf1) 23... Nb6 (23... Rxh3 24. Rg1 $15) ({Black should play} 23... Rf3 $1 $17 24. f5 Bxd2 (24... Rxh3 25. Bxh6 Rxh6 26. fxe6 $11) 25. Rdxd2 Ke7 (25... exf5 26. e6 $17) (25... Rxh3 26. fxe6 fxe6 27. Rh2 $17)) 24. f5 Bxd2 25. Rdxd2 {[%emt 0:00:04] [#]} exf5 {[%emt 0:05:59] Black is more active.} (25... Rxh3 26. fxe6 fxe6 27. Rh2 Rxh2 28. Rxh2 $14) (25... Ke7 $1 $17 26. Re1 Nc4+ (26... Rxh3 27. Rg2 $17) 27. Bxc4 Rxc4) 26. e6 (26. Rf2 $11) 26... Rc6 (26... Rxh3 $6 27. exf7+ Kxf7 28. Rf2 $11) (26... f4 $17 27. Re5 f3 (27... Rxh3 28. exf7+ Kf8 29. Rf5 $11)) 27. exf7+ $1 $15 Kxf7 28. Re5 (28. Rf2 $1 $15) 28... Rf6 (28... Rxh3 29. Rxf5+ Rf6 30. Re5 $11) 29. Rde2 (29. Rf2 $17) 29... Nc4+ $19 (29... Rxh3 30. Re7+ (30. Bxf5 $2 Nc4+ 31. Kb1 Rh1+ 32. Ka2 Nxe5 $19) 30... Kf8 31. Rxb7 $11) 30. Bxc4 dxc4 {[%emt 0:00:03][%mdl 4096] Endgame. KRR-KRR} 31. Re7+ Kg6 32. Rxb7 f4 $1 (32... Rxh3 33. Rg2+ Kh6 34. Rgg7 $11) 33. Ree7 h6 (33... Rxh3 34. Rg7+ Kf5 35. Rbc7 $19) 34. a4 f3 (34... Rxh3 35. b5 $11) 35. Rg7+ Kh5 {[%emt 0:00:09] Threatens to win with ...Rxg7.} 36. Rbf7 (36. Rxg3 $142 f2 37. Rc7) 36... Rgg6 (36... Rxh3 $2 {loses.} 37. Rxf6 Rh1 38. Rxf3 $18 (38. Rxa6 f2 $18)) 37. Rxf6 Rxf6 38. Rg1 f2 39. Rf1 Kh4 40. Kc3 Kxh3 {[%emt 0:00:20] Weighted Error Value: White=0.79/Black=0.12 (very precise) .  Mistake:       	White=7     	Black=4      Inaccurate:     	White=6     	---        OK:         	White=3     	Black=8      Best:        	White=1     	Black=5      Strong:       	White=3     	Black=1} 0-1

[Event "German Bundesliga 2024-25"]
[Site "Germany"]
[Date "2024.10.06"]
[Round "2.5"]
[White "Engel, Luis"]
[Black "Erdogmus, Yagiz Kaan"]
[Result "1-0"]
[Annotator "TA"]
[ECO "C70"]
[WhiteElo "2555"]
[BlackElo "2601"]
[PlyCount "101"]
[EventDate "2024.09.27"]
[EventType "team-tourn"]
[EventCountry "GER"]
[SourceTitle "playchess.com"]
[Source "ChessBase"]
[SourceQuality "1"]
[WhiteTeam "Hamburg"]
[BlackTeam "Viernheim"]
[TimeControl "40/5400+30:1800+30"]

1. e4 e5 2. Nf3 Nc6 3. Bb5 a6 4. Ba4 d6 5. O-O b5 6. Bb3 Na5 7. d4 exd4 8. Qxd4 {[%cal Ob3f7] Schwarz muss nun Bxf7+! beachten.} Ne7 9. Bd5 c5 {Weiß hat minimalen Vorteil.} 10. Qc3 b4 11. Qe3 Nxd5 12. exd5+ Be7 13. Re1 Nc4 {[#]} 14. Qe4 Nb6 15. a3 Bb7 16. c4 {Zielt auf axb4 ab.} (16. axb4 Bxd5 17. Qe2 Bc4 $14) 16... bxc3 17. Nxc3 Kf8 18. Qd3 {Weiß hat aktiveres Spiel.} (18. Bf4 $16) 18... Qd7 (18... h5 $14) 19. Bf4 $16 Re8 (19... Kg8 $16) 20. b4 cxb4 21. axb4 Rc8 (21... h5 $16 22. b5 axb5) 22. Rac1 (22. Nd4 $18 Kg8 23. Nf5) 22... Bf6 (22... h5 $16) 23. Ne4 $36 {[%mdl 2048] Weiss hat starke Initiative.} Rxc1 $2 (23... Be7) 24. Bxd6+ (24. Rxc1 Be7 $16) 24... Be7 25. Bxe7+ (25. Rxc1 Bxd6 26. Nc5 Bxc5 27. bxc5 Qxd5 $11) 25... Qxe7 26. Rxc1 Nxd5 27. Re1 {Nc5 ist eine echte Drohung.} Nf4 28. Qd6 Qxd6 29. Nxd6 Bc6 {[#] Verhindert Re8+.} 30. Ne5 {[%csl LRc6,LRf7] Lässt Nd3 nicht zu} Nxg2 31. Rc1 Bd5 {[#]} 32. Nexf7 $1 Bxf7 33. Rc8+ (33. Kxg2 Bd5+ 34. Kg3 Ke7 35. Nf5+ Kf6 $11) 33... Ke7 {Droht stark ...Rxc8.} 34. Rxh8 {[%mdl 4096] Endspiel. KRN-KBN} Bd5 35. Nf5+ Kf7 36. Ne3 ({Viel schwächer ist} 36. Rxh7 Ne1 37. Kf1 (37. Nxg7 Nf3+ 38. Kf1 Kg8 $16) (37. Rxg7+ Kf6 $18) 37... Nf3) 36... Nf4 (36... Nxe3 $142 37. fxe3 Kg6) 37. Nxd5 Nxd5 38. Rxh7 Nxb4 {KR-KN} 39. Rh4 Nd5 40. Ra4 Nc7 41. Rc4 Nd5 42. Rc6 Nb4 43. Rb6 a5 44. Rb5 Nc6 45. Rc5 Nd4 46. Rxa5 Ne6 47. Kg2 Kf6 48. Kg3 Nd4 49. Kg4 Ne6 50. h4 Nd4 51. h5 {[%emt 2:09:02] Gewichteter Fehlerwert: Weiß=0.08 (makellos) /Schwarz=0.28 (präzise) .  Fehler:       	Weiß=2     	Schwarz=6     Ungenau:       	---       	Schwarz=1     OK:         	Weiß=14    	Schwarz=13    Bester:       	Weiß=4     	Schwarz=2} 1-0

[Event "German Bundesliga 2024-25"]
[Site "Germany"]
[Date "2024.10.06"]
[Round "2.5"]
[White "Girel, Joseph"]
[Black "Dautov, Rustem"]
[Result "1/2-1/2"]
[Annotator "RC"]
[ECO "B12"]
[WhiteElo "2482"]
[BlackElo "2570"]
[PlyCount "77"]
[EventDate "2024.09.27"]
[EventType "team-tourn"]
[EventCountry "GER"]
[SourceTitle "playchess.com"]
[Source "ChessBase"]
[SourceQuality "1"]
[WhiteTeam "Bayern Muenchen"]
[BlackTeam "Deizisau"]
[TimeControl "40/5400+30:1800+30"]

1. e4 c6 2. d4 d5 3. e5 Bf5 4. h4 h5 5. c4 e6 6. Nc3 dxc4 7. Bxc4 Nd7 8. Nge2 Nb6 9. Bb3 Ne7 10. Bg5 Qd7 11. Ng3 Bg6 12. Qd2 Nf5 13. Rd1 Nxg3 14. fxg3 Be7 15. O-O Bxg5 16. Qxg5 Qe7 17. Qe3 O-O-O 18. Rf4 Kb8 19. Ne4 Bf5 20. Kh2 g6 21. a3 Rd7 22. Ba2 Rhd8 23. b4 Rc7 24. Rf2 Bg4 25. Rdf1 Bf5 26. Rd2 Ka8 27. Bb3 Kb8 28. Nd6 Nc8 29. Ne4 Nb6 30. Kh1 Ka8 31. Kg1 Kb8 32. Kh2 Ka8 33. Rf4 Kb8 34. Qe2 Bg4 35. Qf2 Bf5 36. Qe1 Ka8 37. Ba2 Kb8 38. Qf1 Ka8 39. Qe2 1/2-1/2

[Event "German Bundesliga 2024-25"]
[Site "Germany"]
[Date "2024.10.06"]
[Round "2.5"]
[White "Maiwald, Jens-Uwe"]
[Black "Socko, Monika"]
[Result "1/2-1/2"]
[Annotator "TA"]
[ECO "B12"]
[WhiteElo "2429"]
[BlackElo "2419"]
[PlyCount "41"]
[EventDate "2024.09.27"]
[EventType "team-tourn"]
[EventCountry "GER"]
[SourceTitle "playchess.com"]
[Source "ChessBase"]
[SourceQuality "1"]
[WhiteTeam "TU Dresden"]
[BlackTeam "St. Pauli"]
[TimeControl "40/5400+30:1800+30"]

1. e4 c6 2. d4 d5 3. e5 Bf5 4. h4 h6 5. g4 Bd7 6. Nc3 e6 7. Be3 Qc7 (7... Qb6 $11) 8. f4 {[%emt 0:09:22] White is slightly better.} c5 9. Nf3 h5 10. gxh5 Rxh5 11. dxc5 g6 (11... Bxc5 $14 12. Bxc5 Qxc5) 12. b4 ({White should play} 12. Be2 $18) 12... b6 (12... Ne7 $16) 13. Rb1 $2 ({Only move:} 13. Nb5 $18 Bxb5 14. Bxb5+ Nd7 15. c4) 13... a6 14. Ne2 {[%emt 0:07:55] [#] Black must now prevent Ng3.} ({Much weaker is} 14. cxb6 Qxc3+ 15. Kf2 Qc6 $11 (15... Bxb4 $2 {loses.} 16. b7 $18)) (14. Ng5 {keeps more tension.} bxc5 15. b5 axb5 16. Nxb5 Bxb5 17. Bxb5+ Nd7 18. f5) 14... bxc5 15. bxc5 Bxc5 16. Bxc5 Qxc5 17. Ned4 {[%emt 0:04:49] Prevents Bb5.} Ne7 {[%emt 0:01:11][%cal Od7b5] The position is equal.} 18. Qd2 Nbc6 19. Be2 Rh8 20. c3 Na5 21. Ng5 {[%emt 0:00:40] Weighted Error Value: White=0.29 (precise) /Black=0.25 (precise) .  Mistake:       	White=2     	Black=3      Inaccurate:     	White=3     	Black=2      OK:         	White=2     	Black=4      Best:        	---       	Black=1} 1/2-1/2